AoeStats
← vaultinaround

Arabian Desert

509219983Analyzed
1v1 RM · 7d ago on Sep 25, 2026· 56m 13s· 2 players
Game mode
Random Map
Map size
Tiny (2 player)
Population
200
Speed
Normal
Resources
Standard
Victory
Conquest
Starting age
Dark Age
Ending age
Imperial Age
RankedLock teamsTeams togetherTeam positionsShared explorationLock speedFull tech treeHidden civsTurbo modeCheats
Victory
Defeat
🇩🇪 Muisca · Germany
1045
+15
🇺🇸 Sicilians · United States
1021
-15
vaultinaround
8:10 Loom
10:22 Feudal Age
16:09 Scale Barding Armor
17:13 Forging
17:07 Horse Collar
19:29 Double-Bit Axe
23:07 Castle Age
22:00 Scale Mail Armor
21:50 Fletching
24:56 Wheelbarrow
24:24 Heavy Plow
26:16 Bodkin Arrow
31:36 Ballistics
31:28 Masonry
31:54 Chain Mail Armor
32:49 Gambesons
33:05 Squires
32:43 Elite Skirmisher
33:50 Bow Saw
33:53 Murder Holes
36:14 Iron Casting
36:19 Hand Cart
35:58 Gold Mining
36:47 First Crusade
36:29 Light Cavalry
37:41 Chain Barding Armor
44:06 Imperial Age
43:56 Town Watch
44:36 Bloodlines
44:27 Husbandry
44:08 Onager
44:29 Capped Ram
45:01 Elite Serjeant
45:35 Cavalier
48:22 Siege Ram
53:23 Plate Mail Armor
53:53 Blast Furnace
52:55 Bracer
Shark
7:19 Loom
9:51 Feudal Age
10:20 Double-Bit Axe
14:37 Gold Mining
14:46 Fletching
14:53 Horse Collar
22:15 Castle Age
21:16 Padded Archer Armor
23:27 Crossbowman
24:04 Bodkin Arrow
25:03 Bow Saw
26:32 Wheelbarrow
25:42 Town Watch
26:28 Heavy Plow
28:13 Hand Cart
27:59 Stone Mining
33:56 Leather Archer Armor
36:43 Imperial Age
34:14 Scale Mail Armor
34:24 Forging
33:38 Champi Runner
35:47 Chain Mail Armor
35:43 Forging
35:45 Squires
35:10 Champi Warrior
36:31 Thumb Ring
36:49 Ballistics
36:10 Treadmill Crane
36:41 Masonry
37:12 Town Patrol
37:24 Forging
37:44 Bracer
37:32 Arbalester
38:45 Conscription
38:28 Herbalism
39:51 Plate Mail Armor
39:56 Iron Casting
41:18 Chemistry
43:43 Iron Casting
43:04 Guard Tower
44:57 Two-Man Saw
44:27 Crop Rotation
44:33 Gold Shaft Mining
44:33 Stone Shaft Mining
46:14 Keep
46:57 Hoardings
46:09 Elite Champi Warrior
47:58 Squires
55:08 Siege Engineers
54:58 Murder Holes
Connection lost

Rejoining the realm…

Still unreachable

The connection could not be restored.

Session expired

The server has moved on; the page needs a fresh start.